ESL (28 & UNDER)
KINGSTON IGUANAS @ RIO GRANDE RATTLESNAKE
05/17/2029
 
TOP OF THE 1ST
Kingston Iguanas batting - Pitching for Rio Grande Rattlesnake : LHP Eric Fisher
Pitching: LHP Eric Fisher
Batting: LHB Marvin Nichols 0-0: Foul Ball, location: 2F
0-1: Bunted foul
0-2: Ball
1-2: Foul Ball, location: 2F
1-2: Foul Ball, location: 2F
1-2: Ball
2-2: Fly out, F9 (Flyball, 9LSF)
Batting: RHB Sergio Mata 0-0: Called Strike
0-1: Swinging Strike
0-2: Ball
1-2: Foul Ball, location: 2F
1-2: Ball
2-2: Ball
3-2: SINGLE (Line Drive, 4M)
Batting: RHB Bob Lee 0-0: Called Strike
0-1: Foul Ball, location: 2F
0-2: Ball
Wild Pitch!
Sergio Mata to second
1-2: Ball
2-2: Foul Ball, location: 2F
2-2: Ball
3-2: Base on Balls
Batting: LHB Gustavo Gómez 0-0: Ball
1-0: Called Strike
1-1: Foul Ball, location: 2F
1-2: Ball
2-2: Ball
3-2: Base on Balls
Sergio Mata to third
Bob Lee to second
Batting: RHB Tim Davis 0-0: Ball
1-0: Ball
2-0: Called Strike
2-1: Foul Ball, location: 2F
2-2: Foul Ball, location: 2F
2-2: Foul Ball, location: 2F
2-2: Ball
3-2: Base on Balls
Sergio Mata scores
Bob Lee to third
Gustavo Gómez to second
Batting: RHB Francisco Martínez 0-0: Called Strike
0-1: Fly out, F9 (Flyball, 9S)
Runner from 3rd tags up, SCORES, throw made
Batting: SHB John Beach 0-0: Ball
1-0: Called Strike
1-1: Foul Ball, location: 2F
1-2: Foul Ball, location: 2F
1-2: Foul Ball, location: 2F
1-2: Ball
2-2: SINGLE (Groundball, 56D)
Gustavo Gómez to third
Tim Davis to second
Runner from 3rd tries for Home, SAFE, no throw
Batting: LHB Jon Quinn 0-0: Ball
1-0: Foul Ball, location: 2F
1-1: Called Strike
1-2: Ball
2-2: Strikes out swinging
Top of the 1st over - 3 runs, 2 hits, 0 errors, 2 left on base; Kingston 3 - Rio Grande 0
BOTTOM OF THE 1ST
Rio Grande Rattlesnake batting - Pitching for Kingston Iguanas : RHP Josh Young
Pitching: RHP Josh Young
Batting: RHB Jaime Delgado 0-0: Ball
1-0: Ball
2-0: Foul Ball, location: 2F
2-1: Ground out 3-1 (Groundball, 34)
Batting: RHB Joe Courtier 0-0: Ball
1-0: Swinging Strike
1-1: SINGLE (Groundball, 4MD)
Batting: LHB Claudio Rodríguez 0-0: Ball
1-0: Called Strike
1-1: Ball
2-1: Foul Ball, location: 2F
2-2: Strikes out swinging
Batting: RHB David Suarze 0-0: Ball
1-0: Called Strike
1-1: SINGLE (Flyball, 8LS)
Joe Courtier to second
Runner from 2nd tries for 3rd, OUT!
Bottom of the 1st over - 0 runs, 2 hits, 0 errors, 1 left on base; Kingston 3 - Rio Grande 0
TOP OF THE 2ND
Kingston Iguanas batting - Pitching for Rio Grande Rattlesnake : LHP Eric Fisher
Batting: SHB Júlio Valentín 0-0: Called Strike
0-1: Foul Ball, location: 2F
0-2: Ball
1-2: Strikes out looking
Batting: LHB Marvin Nichols 0-0: Ball
1-0: Foul Ball, location: 2F
1-1: Fly out, F7 (Flyball, 7D)
Batting: RHB Sergio Mata 0-0: Ball
1-0: Ball
2-0: Foul Ball, location: 2F
2-1: Ball
3-1: SINGLE (Groundball, 56) (infield hit)
Batting: RHB Bob Lee 0-0: Called Strike
0-1: Ball
1-1: SINGLE (Groundball, 6MD)
Sergio Mata to second
Batting: LHB Gustavo Gómez 0-0: Called Strike
0-1: Called Strike
0-2: Ball
1-2: Ball
2-2: Strikes out swinging
Top of the 2nd over - 0 runs, 2 hits, 0 errors, 2 left on base; Kingston 3 - Rio Grande 0
BOTTOM OF THE 2ND
Rio Grande Rattlesnake batting - Pitching for Kingston Iguanas : RHP Josh Young
Batting: RHB Gary Thomas 0-0: Ball
1-0: Foul Ball, location: 2F
1-1: Ball
2-1: Ball
3-1: Foul Ball, location: 2F
3-2: Strikes out swinging
Batting: LHB José Garza 0-0: Foul Ball, location: 2F
0-1: Foul Ball, location: 2F
0-2: Foul Ball, location: 2F
0-2: Foul Ball, location: 2F
0-2: Foul Ball, location: 2F
0-2: Ball
1-2: Ground out 3-1 (Groundball, 23)
Batting: RHB Doug Delaney 0-0: Ball
1-0: Foul Ball, location: 2F
1-1: Ball
2-1: Foul Ball, location: 2F
2-2: Ball
3-2: Ground out 4-3 (Groundball, 4)
Bottom of the 2nd over - 0 runs, 0 hits, 0 errors, 0 left on base; Kingston 3 - Rio Grande 0
TOP OF THE 3RD
Kingston Iguanas batting - Pitching for Rio Grande Rattlesnake : LHP Eric Fisher
Batting: RHB Tim Davis 0-0: Ball
1-0: Called Strike
1-1: Ball
2-1: Foul Ball, location: 2F
2-2: Fly out, F5 (Popup, 56S)
Batting: RHB Francisco Martínez 0-0: Ball
1-0: Swinging Strike
1-1: Swinging Strike
1-2: Foul Ball, location: 2F
1-2: Fly out, F9 (Flyball, 9LSF)
Batting: SHB John Beach 0-0: Foul Ball, location: 2F
0-1: Swinging Strike
0-2: Foul Ball, location: 2F
0-2: Ball
1-2: Ball
2-2: Ball
3-2: Foul Ball, location: 2F
3-2: DOUBLE (Flyball, 78D)
Batting: LHB Jon Quinn 0-0: Foul Ball, location: 2F
0-1: Ball
1-1: Ball
2-1: Ball
3-1: Base on Balls
Batting: SHB Júlio Valentín 0-0: Swinging Strike
0-1: Ball
1-1: Swinging Strike
1-2: Strikes out swinging
Top of the 3rd over - 0 runs, 1 hit, 0 errors, 2 left on base; Kingston 3 - Rio Grande 0
BOTTOM OF THE 3RD
Rio Grande Rattlesnake batting - Pitching for Kingston Iguanas : RHP Josh Young
Batting: SHB Jeremy Holmes 0-0: DOUBLE (Line Drive, 9LM)
Batting: RHB Cristián Román 0-0: Called Strike
0-1: Foul Ball, location: 2F
0-2: Ball
1-2: Ball
2-2: Ball
3-2: Base on Balls
Batting: RHB Jaime Delgado 0-0: Called Strike
0-1: Ball
1-1: Swinging Strike
1-2: Ball
2-2: Ball
3-2: Base on Balls
Jeremy Holmes to third
Cristián Román to second
Batting: RHB Joe Courtier 0-0: Ball
1-0: Ball
2-0: Called Strike
2-1: Fly out, F7 (Flyball, 7LSF)
Runner from 3rd tags up, SCORES, no throw
Batting: LHB Claudio Rodríguez 0-0: Grounds into double play, 4-6-3 (Groundball, 34)
Bottom of the 3rd over - 1 run, 1 hit, 0 errors, 1 left on base; Kingston 3 - Rio Grande 1
TOP OF THE 4TH
Kingston Iguanas batting - Pitching for Rio Grande Rattlesnake : LHP Eric Fisher
Pitching: RHP Albert Gonzáles
Batting: LHB Marvin Nichols 0-0: Ball
1-0: Ball
2-0: Ground out 4-3 (Groundball, 4)
Batting: RHB Sergio Mata 0-0: Ball
1-0: Ball
2-0: Foul Ball, location: 2F
2-1: Ball
3-1: Swinging Strike
3-2: Base on Balls
Batting: RHB Bob Lee 0-0: Called Strike
0-1: Ball
1-1: Called Strike
1-2: Ball
2-2: Foul Ball, location: 2F
2-2: Strikes out looking
Batting: LHB Gustavo Gómez 0-0: DOUBLE (Flyball, 89XD)
Sergio Mata to third
Runner from 3rd tries for Home, SAFE, no throw
Batting: RHB Tim Davis 0-0: Ball
1-0: Foul Ball, location: 2F
1-1: Ball
2-1: Swinging Strike
2-2: Strikes out looking
Top of the 4th over - 1 run, 1 hit, 0 errors, 1 left on base; Kingston 4 - Rio Grande 1
BOTTOM OF THE 4TH
Rio Grande Rattlesnake batting - Pitching for Kingston Iguanas : RHP Josh Young
Batting: RHB David Suarze 0-0: Ball
1-0: Swinging Strike
1-1: Swinging Strike
1-2: Ball
2-2: Ground out 4-3 (Groundball, 4)
Batting: RHB Gary Thomas 0-0: Ball
1-0: Ball
2-0: Ground out U3 (Groundball, 34)
Batting: LHB José Garza 0-0: Ball
1-0: Called Strike
1-1: Ball
2-1: SINGLE (Line Drive, 4D)
Batting: RHB Doug Delaney 0-0: Called Strike
0-1: Called Strike
0-2: Ball
Wild Pitch!
José Garza to second
1-2: Ball
2-2: Ball
3-2: Fly out, F8 (Flyball, 8RD)
Bottom of the 4th over - 0 runs, 1 hit, 0 errors, 1 left on base; Kingston 4 - Rio Grande 1
TOP OF THE 5TH
Kingston Iguanas batting - Pitching for Rio Grande Rattlesnake : RHP Albert Gonzáles
Batting: RHB Francisco Martínez 0-0: Foul Ball, location: 2F
0-1: Foul Ball, location: 2F
0-2: Ball
1-2: Foul Ball, location: 2F
1-2: Ball
2-2: Foul Ball, location: 2F
2-2: Fly out, F6 (Line Drive, 6)
Batting: SHB John Beach 0-0: Called Strike
0-1: Ball
1-1: DOUBLE (Line Drive, 89D)
Batting: LHB Jon Quinn 0-0: Ball
1-0: Fly out, F8 (Flyball, 8RM)
Batting: SHB Júlio Valentín 0-0: Ball
1-0: Foul Ball, location: 2F
1-1: Ball
2-1: Ground out 4-3 (Groundball, 34)
Top of the 5th over - 0 runs, 1 hit, 0 errors, 1 left on base; Kingston 4 - Rio Grande 1
BOTTOM OF THE 5TH
Rio Grande Rattlesnake batting - Pitching for Kingston Iguanas : RHP Josh Young
Batting: SHB Jeremy Holmes 0-0: Ball
1-0: Called Strike
1-1: Ground out 4-3 (Groundball, 4)
Batting: RHB Cristián Román 0-0: Ball
1-0: Ground out U3 (Groundball, 34)
Batting: RHB Jaime Delgado 0-0: Called Strike
0-1: Ball
1-1: Swinging Strike
1-2: Ball
2-2: Ball
3-2: SINGLE (Flyball, 9LS)
Batting: RHB Joe Courtier 0-0: Ball
1-0: Called Strike
Jaime Delgado steals 2nd base
1-1: SINGLE (Groundball, 4MD)
Jaime Delgado to third
Runner from 3rd tries for Home, SAFE, throw made home
Batting: LHB Claudio Rodríguez 0-0: Ball
1-0: Called Strike
1-1: Ball
2-1: Ball
3-1: Called Strike
3-2: Foul Ball, location: 2F
3-2: Foul Ball, location: 2F
3-2: Foul Ball, location: 2F
3-2: Strikes out swinging
Bottom of the 5th over - 1 run, 2 hits, 0 errors, 1 left on base; Kingston 4 - Rio Grande 2
TOP OF THE 6TH
Kingston Iguanas batting - Pitching for Rio Grande Rattlesnake : RHP Albert Gonzáles
Batting: LHB Marvin Nichols 0-0: Called Strike
0-1: Ball
1-1: Foul Ball, location: 2F
1-2: Foul Ball, location: 2F
1-2: Ball
2-2: Strikes out swinging
Batting: RHB Sergio Mata 0-0: Called Strike
0-1: Ball
1-1: Ball
2-1: SINGLE (Line Drive, 56D)
Batting: RHB Bob Lee 0-0: Ball
1-0: Foul Ball, location: 2F
1-1: Hit by Pitch
Sergio Mata to second
Batting: LHB Gustavo Gómez 0-0: Ball
1-0: Called Strike
1-1: Called Strike
Sergio Mata steals 3rd base
Bob Lee to second
1-2: SINGLE (Groundball, 34D)
Sergio Mata scores
Bob Lee to third
Runner from 3rd tries for Home, SAFE, throw made home
Pitching: RHP Juan Gutiérrez
Batting: RHB Tim Davis 0-0: Swinging Strike
0-1: Fly out, F8 (Flyball, 89D)
Batting: RHB Francisco Martínez 0-0: Ground out 6-3 (Groundball, 6S)
Top of the 6th over - 2 runs, 2 hits, 0 errors, 1 left on base; Kingston 6 - Rio Grande 2
BOTTOM OF THE 6TH
Rio Grande Rattlesnake batting - Pitching for Kingston Iguanas : RHP Josh Young
Batting: RHB David Suarze 0-0: Called Strike
0-1: Ground out 5-3 (Groundball, 5)
Batting: RHB Gary Thomas 0-0: Ball
1-0: Ball
2-0: Foul Ball, location: 2F
2-1: Ball
3-1: Foul Ball, location: 2F
3-2: Foul Ball, location: 2F
3-2: Ground out 5-3 (Groundball, 56S)
Batting: LHB José Garza 0-0: SINGLE (Groundball, 4) (infield hit)
Pitching: RHP Anastasio Cervantes
Batting: RHB Doug Delaney 0-0: Ball
1-0: Ball
2-0: Ball
3-0: Called Strike
3-1: Foul Ball, location: 2F
3-2: Base on Balls
José Garza to second
Batting: SHB Jeremy Holmes 0-0: Foul Ball, location: 2F
0-1: Ball
1-1: Ball
2-1: SINGLE (Flyball, 78S)
José Garza to third
Doug Delaney to second
Runner from 3rd tries for Home, throw and OUT!
Bottom of the 6th over - 0 runs, 2 hits, 0 errors, 2 left on base; Kingston 6 - Rio Grande 2
TOP OF THE 7TH
Kingston Iguanas batting - Pitching for Rio Grande Rattlesnake : RHP Juan Gutiérrez
Batting: SHB John Beach 0-0: Ball
1-0: Foul Ball, location: 2F
1-1: Ball
2-1: Ball
3-1: Fly out, F8 (Flyball, 8LM)
Batting: LHB Jon Quinn 0-0: Called Strike
0-1: Ball
1-1: Ball
2-1: Swinging Strike
2-2: Strikes out swinging
Batting: SHB Júlio Valentín 0-0: Called Strike
0-1: Ball
1-1: Swinging Strike
1-2: Fly out, F7 (Flyball, 7S)
Top of the 7th over - 0 runs, 0 hits, 0 errors, 0 left on base; Kingston 6 - Rio Grande 2
BOTTOM OF THE 7TH
Rio Grande Rattlesnake batting - Pitching for Kingston Iguanas : RHP Anastasio Cervantes
Batting: RHB Cristián Román 0-0: Ground out 6-3 (Groundball, 6M)
Batting: RHB Jaime Delgado 0-0: Ball
1-0: Called Strike
1-1: Ball
2-1: Called Strike
2-2: Ball
3-2: Foul Ball, location: 2F
3-2: Foul Ball, location: 2F
3-2: Foul Ball, location: 2F
3-2: Fly out, F9 (Flyball, 89S)
Batting: RHB Joe Courtier 0-0: Foul Ball, location: 2F
0-1: Ground out 4-3 (Groundball, 4)
Bottom of the 7th over - 0 runs, 0 hits, 0 errors, 0 left on base; Kingston 6 - Rio Grande 2
TOP OF THE 8TH
Kingston Iguanas batting - Pitching for Rio Grande Rattlesnake : RHP Juan Gutiérrez
Batting: LHB Marvin Nichols 0-0: SINGLE (Groundball, 5D)
Batting: RHB Sergio Mata 0-0: Ball
1-0: Foul Ball, location: 2F
1-1: Ball
2-1: Called Strike
2-2: Foul Ball, location: 2F
2-2: Strikes out swinging
Batting: RHB Bob Lee 0-0: Called Strike
0-1: Called Strike
0-2: Foul Ball, location: 2F
0-2: Fly out, F6 (Popup, 6S)
Batting: LHB Gustavo Gómez 0-0: Ball
1-0: Called Strike
1-1: Swinging Strike
1-2: Ball
2-2: Strikes out swinging
Top of the 8th over - 0 runs, 1 hit, 0 errors, 1 left on base; Kingston 6 - Rio Grande 2
BOTTOM OF THE 8TH
Rio Grande Rattlesnake batting - Pitching for Kingston Iguanas : RHP Anastasio Cervantes
Batting: LHB Claudio Rodríguez 0-0: Foul Ball, location: 2F
0-1: Ball
1-1: Called Strike
1-2: Strikes out swinging
Batting: RHB David Suarze 0-0: Ball
1-0: Swinging Strike
1-1: Ball
2-1: Foul Ball, location: 2F
2-2: Strikes out looking
Batting: RHB Gary Thomas 0-0: Swinging Strike
0-1: Swinging Strike
0-2: Foul Ball, location: 2F
0-2: Foul Ball, location: 2F
0-2: Foul Ball, location: 2F
0-2: DOUBLE (Line Drive, 7LM)
Batting: LHB José Garza 0-0: Called Strike
0-1: Swinging Strike
0-2: Foul Ball, location: 2F
0-2: Foul Ball, location: 2F
0-2: Fly out, F7 (Flyball, 7S)
Bottom of the 8th over - 0 runs, 1 hit, 0 errors, 1 left on base; Kingston 6 - Rio Grande 2
TOP OF THE 9TH
Kingston Iguanas batting - Pitching for Rio Grande Rattlesnake : RHP Juan Gutiérrez
Batting: RHB Tim Davis 0-0: Called Strike
0-1: Ball
1-1: Foul Ball, location: 2F
1-2: Foul Ball, location: 2F
1-2: Strikes out looking
Batting: RHB Francisco Martínez 0-0: Foul Ball, location: 2F
0-1: Ball
1-1: Swinging Strike
1-2: Foul Ball, location: 2F
1-2: SINGLE (Groundball, 56D)
Batting: SHB John Beach 0-0: Called Strike
0-1: Foul Ball, location: 2F
0-2: Ball
1-2: Strikes out swinging
Batting: LHB Jon Quinn 0-0: Ball
1-0: Called Strike
1-1: Foul Ball, location: 2F
1-2: Ball
2-2: Ball
3-2: Base on Balls
Francisco Martínez to second
Batting: SHB Júlio Valentín 0-0: Fielders Choice at 2nd, 6-4 (Groundball, 6)
Top of the 9th over - 0 runs, 1 hit, 0 errors, 2 left on base; Kingston 6 - Rio Grande 2
BOTTOM OF THE 9TH
Rio Grande Rattlesnake batting - Pitching for Kingston Iguanas : RHP Anastasio Cervantes
Batting: RHB Doug Delaney 0-0: Called Strike
0-1: Swinging Strike
0-2: Ball
1-2: Ball
2-2: Ball
3-2: Base on Balls
Batting: SHB Jeremy Holmes 0-0: Called Strike
0-1: Ball
1-1: Ball
2-1: Ball
3-1: SINGLE (Groundball, 4MD)
Doug Delaney to second
Batting: RHB Cristián Román 0-0: Foul Ball, location: 2F
0-1: Ball
1-1: Foul Ball, location: 2F
1-2: Ball
2-2: Fly out, F9 (Flyball, 9D)
Runner from 2nd tags up, SAFE at 3rd, no throw
Pitching: LHP Dong-young Kang
Batting: RHB Jaime Delgado 0-0: Called Strike
0-1: Foul Ball, location: 2F
0-2: Foul Ball, location: 2F
0-2: Foul Ball, location: 2F
0-2: Fly out, F9 (Flyball, 9S)
Batting: RHB Joe Courtier 0-0: Ball
1-0: Called Strike
1-1: Ball
2-1: Ball
3-1: Base on Balls
Jeremy Holmes to second
Batting: LHB Claudio Rodríguez 0-0: Called Strike
0-1: Foul Ball, location: 2F
0-2: Ball
1-2: Ball
2-2: Ball
3-2: Ground out U3 (Groundball, 34S)
Bottom of the 9th over - 0 runs, 1 hit, 0 errors, 3 left on base; Kingston 6 - Rio Grande 2
Saturday, December 16th, 2017 - OOTP Baseball 18.8 Build 76